 Dungeon Sprint DCSS version 0.19-a0-1841-gf1e0166 (webtiles) character file.

1551 Groucho the Thaumaturge (level 8, -2/48 HPs)
             Began as a Vine Stalker Fighter on Oct 9, 2016.
             Was a Priest of Makhleb.
             Slain by a blink frog (7 damage)
             ... in the Dungeon (Sprint IX: "|||||||||||||||||||||||||||||").
             The game lasted 00:03:53 (1514 turns).

Groucho the Thaumaturge (Vine Stalker Fighter)      Turns: 1514, Time: 00:03:54

Health: -2/48      AC: 11    Str: 21    XL:     8   Next: 88%
Magic:  0/21       EV: 11    Int:  8    God:    Makhleb [***...]
Gold:   0          SH: 11    Dex: 17    Spells: 0 memorised, 24 levels left

rFire  . . .     SeeInvis .     n - +6 scimitar (holy)
rCold  . . .     Gourm    .     o - +1 scale mail
rNeg   . . .     Faith    .     c - +0 shield
rPois  .         Spirit   +     (no helmet)
rElec  .         Dismiss  .     (no cloak)
rCorr  .         Reflect  .     (no gloves)
MR     +....     Harm     .     a - +0 pair of boots
Stlth  .......... NoTele   +    (no amulet)
                                p - +3 ring of dexterity
                                b - +2 ring of protection

@: very slightly contaminated
A: fangs 3, regeneration 1, magic shield, antimagic bite, no device heal 3, rot
immunity
a: Minor Destruction, Lesser Servant of Makhleb, Renounce Religion


You were in the Dungeon.
You worshipped Makhleb.
Makhleb was most pleased with you.
You were hungry.

You visited 1 branch

Inventory:

Hand Weapons
 n - a +6 scimitar of holy wrath (weapon)
Missiles
 q - 5 tomahawks (quivered)
Armour
 a - a +0 pair of boots (worn)
 c - a +0 shield (worn)
 o - a +1 scale mail (worn)
Jewellery
 b - a +2 ring of protection (left hand)
 p - a +3 ring of dexterity (right hand)
Wands
 m - a wand of iceblast (4/15)
Scrolls
 j - 3 scrolls of remove curse
 k - a scroll of blinking
 l - 2 scrolls of amnesia
 s - a scroll of identify
Potions
 d - 2 potions of might
 e - 7 potions of curing
 f - a potion of cure mutation
 g - 3 potions of heal wounds
 h - a potion of haste
 i - 4 potions of magic


   Skills:
 * Level 8.4 Fighting
 * Level 8.2 Long Blades
 + Level 5.6 Armour
 + Level 5.0 Dodging
 + Level 6.3 Shields
 + Level 5.8 Unarmed Combat
 * Level 8.6 Spellcasting


You had 24 spell levels left.
You didn't know any spells.

Dungeon Overview and Level Annotations

Branches:
Dungeon (1/1)

Altars:
Cheibriados
Dithmenos
Elyvilon
Fedhas
Gozag
Hepliaklqana
Kikubaaqudgha
Makhleb
Nemelex Xobeh
Okawaru
Qazlal
Ru
Sif Muna
Trog
Uskayaw
Vehumet
Xom
Yredelemnul
Zin
The Shining One
Beogh
Jiyva
Lugonu


Innate Abilities, Weirdness & Mutations

You have razor-sharp teeth.
Your natural rate of healing is unusually fast.
When hurt, damage is shared between your health and your magic reserves.
Your bite disrupts and absorbs the magic of your enemies.
Potions and wands cannot restore your health.
You are immune to rotting.


Message History

* * * LOW HITPOINT WARNING * * *
You block the 12-headed hydra's attack. The 12-headed hydra bites you.
* * * LOW HITPOINT WARNING * * *
The 12-headed hydra bites you but does no damage.
The 12-headed hydra closely misses you. x3
Unknown command.
Unknown command.
Unknown command.
Blink to where?
Press: ? - help, Dir - move target cursor, p - 12-headed hydra You are very lightly contaminated with residual magic.
As you read the scroll of blinking, it crumbles to dust.
The blink frog blinks!
You slash the blink frog! Your bite misses the blink frog.
The blink frog is moderately wounded.
The blink frog misses you.
You slice the blink frog!! Your bite misses the blink frog.
The blink frog is almost dead.
The blink frog hits you!
You die...

▓▓▓▓▓▓▓▓▓▓▓▓▓▓▓▓▓▓▓▓▓▓▓
_____'.....'.....)...<▓
▓▓▓▓▓▓▓▓▓▓▓▓▓▓▓▓▓▓▓▓▓▓▓
...............F@.....▓
▓▓▓▓▓▓▓▓▓▓▓▓▓▓▓▓▓▓▓▓▓D▓
'D...F(.[..kYr'D..F...▓
▓▓▓▓▓▓▓▓▓▓▓▓▓▓▓▓▓▓▓▓▓▓▓


You could see a 12-headed hydra and a blink frog.

Vanquished Creatures
  A hill giant (D)
  A two-headed ogre (D)
  A hippogriff (D)
  A yak (D)
  2 hungry ghosts (D)
  An ice beast (D)
  An ogre (D)
  A big kobold (D)
  A wight (D)
  A hound (D)
  A worker ant (D)
  An orc (D)
  A ball python (D)
  A bat zombie (D)
  A giant cockroach (D)
  2 goblins (D)
  A jackal (D)
  2 ball python skeletons (D)
  A frilled lizard (D)
22 creatures vanquished.

Notes
Turn   | Place    | Note
-------+----------+-------------------------------------------
     0 | D        | Groucho the Vine Stalker Fighter began the quest for the Orb.
     0 | D        | Reached XP level 1. HP: 11/11 MP: 2/2
    12 | D        | Reached skill level 1 in Spellcasting
    13 | D        | Reached skill level 1 in Dodging
   396 | D        | Noticed a worker ant
   396 | D        | Noticed a hound
   398 | D        | Reached XP level 2. HP: 16/16 MP: 4/4
   409 | D        | Reached skill level 1 in Unarmed Combat
   409 | D        | Reached XP level 3. HP: 3/20 MP: 2/7
   413 | D        | HP: 1/20 [worker ant (2)]
   415 | D        | Gained mutation: Your natural rate of healing is unusually fast. [Vine Stalker growth]
   415 | D        | Reached XP level 4. HP: 2/25 MP: 1/9
   609 | D        | Found a roughly hewn altar of Beogh.
   609 | D        | Found a snail-covered altar of Cheibriados.
   609 | D        | Found a shadowy altar of Dithmenos.
   609 | D        | Found a white marble altar of Elyvilon.
   609 | D        | Found a blossoming altar of Fedhas.
   609 | D        | Found an opulent altar of Gozag.
   610 | D        | Found a hazy altar of Hepliaklqana.
   611 | D        | Found a viscous altar of Jiyva.
   612 | D        | Found an ancient bone altar of Kikubaaqudgha.
   613 | D        | Found a corrupted altar of Lugonu.
   614 | D        | Found a burning altar of Makhleb.
   615 | D        | Found a sparkling altar of Nemelex Xobeh.
   616 | D        | Found an iron altar of Okawaru.
   617 | D        | Found a stormy altar of Qazlal.
   618 | D        | Found a sacrificial altar of Ru.
   619 | D        | Found a deep blue altar of Sif Muna.
   620 | D        | Found a bloodstained altar of Trog.
   621 | D        | Found a hide-covered altar of Uskayaw.
   622 | D        | Became a worshipper of Makhleb the Destroyer
   623 | D        | Found a radiant altar of Vehumet.
   624 | D        | Found a shimmering altar of Xom.
   625 | D        | Found a basalt altar of Yredelemnul.
   626 | D        | Found a glowing silver altar of Zin.
   627 | D        | Found a glowing golden altar of the Shining One.
   676 | D        | Noticed a hill giant
   676 | D        | Noticed a hungry ghost
   676 | D        | Noticed a big kobold
   676 | D        | Noticed a hungry ghost
   679 | D        | Killed a hungry ghost
   679 | D        | Reached skill level 5 in Fighting
   679 | D        | Reached XP level 5. HP: 30/30 MP: 10/13
   684 | D        | Killed a big kobold
   684 | D        | Reached skill level 5 in Long Blades
   684 | D        | Reached skill level 5 in Spellcasting
   684 | D        | Reached XP level 6. HP: 33/35 MP: 9/14
   688 | D        | Reached * piety under Makhleb
   698 | D        | Killed a hungry ghost
   698 | D        | Reached skill level 5 in Shields
   698 | D        | Reached XP level 7. HP: 41/41 MP: 13/17
   702 | D        | Killed a hill giant
   702 | D        | Reached skill level 5 in Armour
   702 | D        | Reached skill level 5 in Unarmed Combat
   702 | D        | Gained mutation: You have razor-sharp teeth. [Vine Stalker growth]
   702 | D        | Reached XP level 8. HP: 46/46 MP: 12/20
   704 | D        | Reached ** piety under Makhleb
   774 | D        | Noticed a hippogriff
   774 | D        | Noticed a yak
   774 | D        | Noticed a two-headed ogre
   779 | D        | Killed a two-headed ogre
   790 | D        | Killed a yak
   790 | D        | Reached *** piety under Makhleb
   798 | D        | Killed a hippogriff
   798 | D        | Reached skill level 5 in Dodging
  1129 | D        | Noticed a hippogriff
  1129 | D        | Noticed a rime drake
  1129 | D        | Noticed a yak
  1129 | D        | Noticed a five-headed hydra
  1129 | D        | Noticed a blink frog
  1506 | D        | HP: 2/48 [12-headed hydra (6)]
  1514 | D        | Slain by a blink frog

Vault maps used:
D:        linesprint

Skill      XL: |  1  2  3  4  5  6  7  8 |
---------------+-------------------------+-----
Long Blades    | 2 3 4 5 6 7 8 |  8.2
Spellcasting   | 1 2 4 5 6 7 8 |  8.6
Dodging        | 1 2 3 4 5 |  5.0
Shields        | 3 4 5 6 |  6.3
Fighting       | 3 5 6 7 8 |  8.4
Unarmed Combat | 1 3 4 5 |  5.8
Armour         | 3 4 5 |  5.6

Action                   |  1- 3 |  4- 6 |  7- 9 || total
-------------------------+-------+-------+-------++-------
Melee: Long sword        |    26 |     2 |       ||    28
       Bite              |    10 |     6 |    18 ||    34
       Scimitar          |       |    18 |    45 ||    63
Evoke: Wand              |       |       |     3 ||     3
  Use: Potion            |     2 |     1 |       ||     3
       Scroll            |       |       |     7 ||     7
 Stab: Invisible         |       |     3 |     1 ||     4
  Eat: Bread ration      |       |     1 |       ||     1
Armor: Scale mail        |    12 |     8 |    18 ||    38
Dodge: Dodged            |     4 |     8 |    38 ||    50
Block: Shield            |    13 |    10 |    38 ||    61
       Rpst.: Long sword |     2 |       |       ||     2
       Scimitar          |       |     3 |     2 ||     5
